 Seeded DCSS version 0.30-a0-722-g3e6e8c874d (webtiles) character file.

Game seed: 13178286030542442824 (custom seed)

128765 zeratav the Warrior (level 16, -1/141 (151) HPs)
             Began as a Minotaur Fighter on Jan 28, 2023.
             Was the Champion of Wu Jian.
             Killed by divine providence
             ... invoked by Saint Roka
              (15 damage)
             ... on level 2 of the Orcish Mines.
             The game lasted 00:55:48 (25766 turns).

zeratav the Warrior (Minotaur Fighter)             Turns: 25766, Time: 00:55:48

HP:   -1/141 (151)  AC: 29    Str: 24    XL:     16   Next: 19%
MP:   15/15         EV: 18    Int: 12    God:    Wu Jian [******]
Gold: 288           SH: 15    Dex: 26    Spells: 15/15 levels left

rFire   . . .      SeeInvis .    t - +12 long sword of Hismutz {speed, Int+3, long}
rCold   . . .      Faith    .    I - +2 buckler
rNeg    . . .      Spirit   .    g - +0 plate armour
rPois   +          Reflect  +    H - +2 hat
rElec   +          Harm     .    k - +0 cloak
rCorr   .          Rampage  .    X - +2 pair of gloves
Will    ++...                    x - +1 pair of boots "Vynlol" {Will+} Stlth
                                 s - amulet of reflection
HPRegen 0.43/turn                O - ring "Lebimid" {rElec rPois Int+6 Dex+4}
MPRegen 0.14/turn                Q - ring of the Shining Light {AC+4 Str+3 Int-2 Dex+4}

@: mighty, exhausted, studying 2 skills, drained
A: horns 2, retaliatory headbutt
}: 1/15 runes: gossamer
a: Renounce Religion, Wall Jump, Serpent's Lash, Heavenly Storm


You were on level 2 of the Orcish Mines.
You worshipped Wu Jian.
Wu Jian was exalted by your worship.
You visited 6 branches of the dungeon, and saw 25 of its levels.
You also visited: Bailey.

You collected 1675 gold pieces.
You spent 1387 gold pieces at shops.


Innate Abilities, Weirdness & Mutations

You have a pair of horns on your head.
You reflexively headbutt those who attack you in melee.


   Skills:
 - Level 16.2 Fighting
 - Level 14.0 Long Blades
 - Level 10.0 Throwing
 - Level 11.9 Armour
 - Level 16.0 Dodging
 - Level 5.0 Stealth
 - Level 10.0 Shields
 + Level 6.6 Translocations
 + Level 5.8 Air Magic


You had 15 spell levels left.
You didn't know any spells.
Your spell library contained the following spells:

 Spells                   Type           Power      Damage    Failure   Level
 Vhi's Electric Charge    Tloc/Air       30%        N/A       65%         3
 Static Discharge         Conj/Air       14%        2-3/arc   87%         2
 Beastly Appendage        Tmut           0%         N/A       98%         1
 Necrotise                Necr           0%         1d4       98%         1
 Sting                    Tmut/Pois      0%         1d3       98%         1
 Scorch                   Fire           0%         2d5       99%         2
 Ozocubu's Armour         Ice            0%         N/A       100%        3
 Stone Arrow              Conj/Erth      0%         3d7       100%        3
 Vampiric Draining        Necr           0%         2d6       100%        3
 Anguish                  Hex/Necr       0%         N/A       100%        4
 Animate Armour           Summ/Erth      0%         N/A       100%        4
 Animate Dead             Necr           0%         N/A       100%        4
 Flame Wave               Conj/Fire      0%         2d4       100%        4
 Olgreb's Toxic Radiance  Pois           0%         N/A       100%        4
 Summon Lightning Spire   Summ/Air       7%         N/A       100%        4
 Agony                    Necr           0%         N/A       100%        5
 Arcjolt                  Conj/Air       3%         1d13      100%        5
 Borgnjor's Vile Clutch   Necr/Erth      0%         N/A       100%        5
 Fireball                 Conj/Fire      0%         3d3       100%        5
 Iskenderun's Battlesphe  Conj           0%         2d6       100%        5
 Lightning Bolt           Conj/Air       3%         1d15      100%        5
 Metabolic Englaciation   Hex/Ice        0%         N/A       100%        5
 Conjure Ball Lightning   Conj/Air       3%         3x3d6     100%        6
 Death Channel            Necr           0%         N/A       100%        6
 Simulacrum               Ice/Necr       0%         N/A       100%        6
 Summon Cactus Giant      Summ           0%         N/A       100%        6
 Enfeeble                 Hex            0%         N/A       100%        7
 Malign Gateway           Summ/Tloc      4%         N/A       100%        7
 Orb of Destruction       Conj           0%         9d5       100%        7
 Ozocubu's Refrigeration  Ice            0%         4d7       100%        7
 Discord                  Hex            0%         N/A       100%        8
 Disjunction              Tloc           8%         N/A       100%        8
 Ignition                 Fire           0%         3d3       100%        8
 Lehudib's Crystal Spear  Conj/Erth      0%         10d2      100%        8
 Summon Horrible Things   Summ           0%         N/A       100%        8

Inventory:

Hand Weapons
 t - the +12 long sword of Hismutz (weapon) {speed, Int+3, long}
   (You found it on level 3 of the Dungeon)

   Int:       It affects your intelligence (+3).
 A - the +11 Singing Sword {sonic wave}
   (You found it on level 4 of the Dungeon)
 G - a +0 falchion of holy wrath {long}
   (You found it on level 5 of the Dungeon)
Missiles
 Y - 6 javelins (quivered) {throwing}
Armour
 g - a +0 plate armour (worn)
   (You found it on level 4 of the Dungeon)
 k - a +0 cloak (worn)
   (You found it on level 1 of the Dungeon)
 x - the +1 pair of boots "Vynlol" (worn) {Will+}
   (You found it on level 1 of the Spider Nest)

   Will:      It increases your willpower.
 H - a +2 hat (worn)
   (You found it on level 9 of the Dungeon)
 I - a +2 buckler (worn)
   (You took it off a spriggan on level 5 of the Lair of Beasts)
 X - a +2 pair of gloves (worn)
   (You found it on level 3 of the Spider Nest)
Jewellery
 b - a ring of protection from fire
   (You found it on level 6 of the Dungeon)
 c - a +4 ring of slaying
   (You found it on level 5 of the Lair of Beasts)
 s - an amulet of reflection (around neck)
   (You found it on level 3 of the Dungeon)
 B - a ring of see invisible
   (You bought it in a shop on level 3 of the Dungeon)
 N - a ring of fire
   (You found it on level 4 of the Spider Nest)
 O - the ring "Lebimid" (left hand) {rElec rPois Int+6 Dex+4}
   (You bought it in a shop on level 3 of the Dungeon)

   [ring of intelligence]

   Int:       It affects your intelligence (+6).
   Dex:       It affects your dexterity (+4).
   rElec:     It insulates you from electricity.
   rPois:     It protects you from poison.
 Q - the ring of the Shining Light (right hand) {AC+4 Str+3 Int-2 Dex+4}
   (You bought it in a shop on level 9 of the Dungeon)

   [ring of protection]

   AC:        It affects your AC (+4).
   Str:       It affects your strength (+3).
   Int:       It affects your intelligence (-2).
   Dex:       It affects your dexterity (+4).
 S - a +4 ring of protection
   (You found it on level 11 of the Dungeon)
 Z - a ring of protection from cold
   (You found it on level 1 of the Lair of Beasts)
Wands
 i - a wand of charming (7)
   (You found it on level 1 of the Lair of Beasts)
 M - a wand of roots (26)
   (You took it off Pikel on level 7 of the Dungeon)
 P - a wand of quicksilver (5)
   (You took it off an orc on level 10 of the Dungeon)
 R - a wand of digging (12)
   (You found it on level 11 of the Dungeon)
 U - a wand of mindburst (15)
   (You found it on level 11 of the Dungeon)
Scrolls
 a - 5 scrolls of vulnerability {!r!r}
 e - 3 scrolls of summoning
 h - 8 scrolls of magic mapping {!r}
 l - 12 scrolls of teleportation {@r4}
 p - 5 scrolls of fear
 q - a scroll of silence {!r}
 y - 2 scrolls of immolation {!r!r}
 D - a scroll of poison
 E - a scroll of fog
 K - 3 scrolls of blinking {!r}
 T - 4 scrolls of enchant armour
Potions
 d - 6 potions of might
 f - a potion of flight
 j - 3 potions of resistance
 n - 9 potions of curing {@q1}
 o - 3 potions of haste {@q3}
 u - 6 potions of lignification {!q}
 v - 5 potions of berserk rage {!q}
 w - 2 potions of attraction {!q}
 z - 9 potions of ambrosia
 C - 2 potions of brilliance
 F - 5 potions of mutation {!q}
 J - 3 potions of cancellation
 W - a potion of invisibility

Dungeon Overview and Level Annotations

Branches:
Dungeon (12/15) Zot: 25278  Temple (1/1) D:4 Zot: 5756    Lair (5/5) D:11 Zot: 23848
 Shoals (1/4) Lair:2 Zot: 5998  Spider (4/4) Lair:3 Zot: 17736   Slime (0/5) Lair:5
    Orc (2/2) D:9 Zot: 11359     Elf (0/3) Orc:2        Bailey (visited)

Altars:
Ashenzari
Cheibriados
Dithmenos
Elyvilon
Fedhas
Gozag
Hepliaklqana
Kikubaaqudgha
Makhleb
Nemelex Xobeh
Okawaru
Qazlal
Ru
Sif Muna
Trog
Uskayaw
Vehumet
Wu Jian
Xom
Yredelemnul
Zin
The Shining One

Shops:
D:3 =   D:7 *   D:8 *   D:9 =   Orc:1 ?   Orc:2 (

Annotations:
D:11 1 runed translucent door, exclusion: door
Orc:2 Saint Roka

##......###....
#####......#.#.##..
...........##...#..
###.........##.####
####.......<.....#.#
###........#......#...
##........###..#......#
#..........##.......#..
.##.@...#.#......####
#......###.......#
##....)..#....####
##..........##
##..).....#.#
##..o[....## ####o.#.##
#[#### ##..##


You could see Saint Roka (strong) and an orc warlord (strong).


Message History

a +0 falchion {long}; 3 boomerangs of dispersal {=fthrowing}; a +0 ring mail HP[-12]
You take 12 damage, and now have 126/151 hp.
You lunge at the orc, in a flurry of attacks.
You slice the orc!!
You kill the orc!
The Council accepts your kill.
Saint Roka roars a battlecry!
The orcs go into a battle-frenzy!
Things that are here:
a +0 club {mace}; a +0 chain mail; an orc corpse HP[+1] Saint Roka calls down the wrath of Beogh upon you.
Beogh smites you!
You see here a +0 club {mace}.
HP[-12]
You take 12 damage, and now have 115/151 hp.
The orc warlord roars a battlecry!
Saint Roka goes into a battle-frenzy!
You block Saint Roka's attack.
The orc wizard gestures wildly while chanting.
The orc wizard flickers and vanishes!
Deactivating autopickup; reactivate with Ctrl-A.
Things that are here:
a +0 plate armour; a +0 mace {mace}; HP[+1]
You slash Saint Roka! You hit Saint Roka. You headbutt Saint Roka!
You barely miss Saint Roka. You headbutt Saint Roka.
Saint Roka calls down the wrath of Beogh upon you.
Beogh smites you!
HP[-11]
You take 11 damage, and now have 105/151 hp.
You barely miss Saint Roka. You headbutt Saint Roka!
HP[+1]
You hit Saint Roka. The orc warlord misses you.
Saint Roka mumbles some strange prayers to Beogh against you.
Beogh smites you!
HP[-11]
You take 11 damage, and now have 95/151 hp.
You hit Saint Roka.
You feel very mighty all of a sudden. You block the orc warlord's attack.
You block Saint Roka's attack.
You barely miss Saint Roka. Your headbutt misses Saint Roka.
HP[+1]
You hit Saint Roka.
The orc warlord hits you from afar with a +0 halberd!
HP[-17]
You take 17 damage, and now have 79/151 hp.
You slice Saint Roka!!
You headbutt Saint Roka, but do no damage.
You barely miss Saint Roka. You block the orc warlord's attack.
Saint Roka hits you with a +3 great sword of draining!!!
* * * LOW HITPOINT WARNING * * *
You feel drained.
* * * LOW HITPOINT WARNING * * *
HP[-47]
You now have 141 max hp (-10).
You take 47 damage, and now have 32/141 hp.
MASSIVE DAMAGE!! (PAUSE)
You slash Saint Roka!
You headbutt Saint Roka, but do no damage.
You barely miss Saint Roka.
The orc warlord hits you from afar with a +0 halberd!
* * * LOW HITPOINT WARNING * * *
Saint Roka mumbles some strange prayers to Beogh against you.
Beogh smites you!
* * * LOW HITPOINT WARNING * * *
HP[-24]
You take 24 damage, and now have 8/141 hp.
Your muscles tense, ready for explosive movement...
You see here a +0 club {mace}.
Your supernatural speed expires.
Things that are here:
a +0 club {mace}; a +0 chain mail; an orc corpse You feel much better.
The orc wizard casts a spell.
The orc wizard flickers and vanishes!
The orc priest miscasts a cantrip.
HP[+27]
You regained 27 hp, and now have 35/141 hp.
Things that are here:
a +0 falchion {long}; 3 boomerangs of dispersal {=fthrowing}; a +0 ring mail The orc warrior no longer looks unusually strong.
Saint Roka mumbles some strange prayers to Beogh against you.
Beogh smites you!
* * * LOW HITPOINT WARNING * * *
HP[-10]
You take 10 damage, and now have 25/141 hp.
The orc warlord no longer looks unusually strong.
Saint Roka roars a battlecry!
The orc warlord goes into a battle-frenzy!
The orc priest calls down the wrath of Beogh upon you.
Beogh smites you!
* * * LOW HITPOINT WARNING * * *
HP[-12]
You take 12 damage, and now have 13/141 hp.
HP[+1] Saint Roka calls down the wrath of Beogh upon you.
Beogh smites you!
You die...

Skill      XL: |  1  2  3  4  5  6  7  8  9 10 11 12 13 14 15 16 |
---------------+-------------------------------------------------+-----
Long Blades    | 3 4 5 6 8 9 10 12 13 14 | 14.0
Stealth        | 4 5 |  5.0
Dodging        | 3 6 9 11 12 13 15 16 | 16.0
Fighting       | 5 8 10 11 12 14 15 16 | 16.2
Armour         | 6 8 10 11 | 11.9
Shields        | 6 8 10 | 10.0
Throwing       | 3 6 10 | 10.0
Air Magic      | 3 5 |  5.8
Translocations | 5 6 |  6.6

Action                     |  1- 3 |  4- 6 |  7- 9 | 10-12 | 13-15 | 16-18 || total
---------------------------+-------+-------+-------+-------+-------+-------++-------
  Melee: Long sword        |   115 |    94 |   229 |   521 |  1504 |   193 ||  2656
         Headbutt          |    15 |    14 |    25 |   124 |   441 |    39 ||   658
  Throw: Javelin           |       |       |       |       |     8 |       ||     8
 Invoke: Serpent's Lash    |       |       |       |     1 |     2 |     2 ||     5
         Heavenly Storm    |       |       |       |       |       |     1 ||     1
Ability: Lunge             |       |    13 |    23 |    38 |    58 |    15 ||   147
         Whirlwind         |       |       |    10 |    13 |    65 |    62 ||   150
    Use: Scroll            |       |       |     8 |     9 |    12 |     2 ||    31
         Potion            |       |       |       |       |     4 |     6 ||    10
   Stab: Held in net/web   |       |       |     2 |       |       |       ||     2
         Sleeping          |       |       |       |     6 |     2 |       ||     8
         Petrifying        |       |       |       |       |     3 |       ||     3
         Petrified         |       |       |       |       |     3 |       ||     3
         Distracted        |       |       |       |       |     2 |       ||     2
 Armour: Scale mail        |    60 |    20 |    14 |       |       |       ||    94
         Chain mail        |       |       |    21 |     6 |       |       ||    27
         Ring mail         |       |       |       |    44 |    32 |       ||    76
         Plate armour      |       |       |       |    22 |   394 |    10 ||   426
  Dodge: Dodged            |    50 |    16 |    35 |   124 |   491 |    35 ||   751
  Block: Buckler           |    24 |    23 |    48 |   140 |   676 |    52 ||   963
         Reflection        |       |       |     4 |    13 |     2 |     5 ||    24

Levels and vault maps discovered:
D:1:      scummos_arrival_simple_crosswalls, layout_loops_ring
D:2:      cheibrodos_greedy_goblins, layout_basic, basic_altar,
          dreamdust_wishing_well, kennysheep_generic_room_13
D:3:      layout_basic, chequers_ecumenical_altar_simple, serial_shops,
          nicolae_shop_window_shopping, uniq_crazy_yiuf_cottage
D:4:      old_forge, layout_basic, okawaru_gym_becter,
          minmay_temple_entry_stoned_glass, uniq_grinder, uniq_edmund
D:5:      layout_basic, ashenzari_conservatory_becter, st_stairs_14
D:6:      nicolae_BIG_FREAKIN_CUBE, layout_layer_cave, minmay_manual_mail
D:7:      layout_cave_pools, serial_shops, shop, nicolae_underground_beach,
          uniq_pikel
D:8:      layout_cave_pools, serial_shops, nicolae_shop_trees, enter_bailey_2,
          uniq_psyche, uniq_gastronok
D:9:      layout_roguey, david_orc_3, serial_shops, nicolae_shop_hallway_stairs,
          dk_noncrumbling_3, kennysheep_generic_room_8
D:10:     layout_stronghold, uniq_grum, uniq_josephine
D:11:     dreamdust_dug_too_deep, layout_basic, dpeg_lair_monsters,
          small_statue_intersection
D:12:     layout_loops_ring, uniq_kirke
Temple:   nicolae_temple_slightly_damp_pantheon
Lair:1:   layout_small_grid
Lair:2:   layout_small_grid, nicolae_shoals_entry_roost, uniq_erica
Lair:3:   layout_regular_city, nicolae_spider_entry_non_spiders,
          lemuel_fruit_fields, serial_bayou_shore_b, uniq_urug, uniq_amaemon
Lair:4:   layout_regular_city, grunt_megastairs_4
Lair:5:   minmay_lair_end_enchanted_forest, layout_misc_corridors,
          nicolae_slime_entry_field_trip, minmay_lair_oklob_bushes
Shoals:1: layout_shoals, nicolae_shoals_sun_and_surf
Spider:1: layout_spider_delve
Spider:2: layout_chambers, nicolae_spider_stair_cavern
Spider:3: layout_spider_delve
Spider:4: hellmonk_spider_rune_endless_swarm
Orc:1:    layout_caves, serial_shops, shop, mines1_david
Orc:2:    grunt_orc_community_town_hall, layout_diamond_mine,
          grunt_orc_community_big_house_2, grunt_orc_community_big_house_2,
          grunt_orc_community_house_1, grunt_orc_community_house_3,
          grunt_orc_community_house_3, grunt_orc_community_house_3,
          grunt_orc_community_house_2, serial_shops, shop, uniq_snorg,
          uniq_nessos, uniq_sonja, uniq_saint_roka, uniq_donald

Notes
Turn   | Place    | Note
-------+----------+-------------------------------------------
     0 | D:1      | zeratav the Minotaur Fighter began the quest for the Orb.
     0 | D:1      | Reached XP level 1. HP: 19/19 MP: 0/0
     0 | D:1      | magus.rc [v1.9.6]
    35 | D:1      | Reached skill level 3 in Long Blades
    54 | D:1      | Reached XP level 2. HP: 17/26 MP: 1/1
   196 | D:1      | Reached skill level 4 in Long Blades
   457 | D:1      | Reached XP level 3. HP: 28/31 MP: 2/2
   990 | D:2      | Reached skill level 5 in Long Blades
  1087 | D:2      | Found a hazy altar of Hepliaklqana.
  1338 | D:2      | Reached XP level 4. HP: 39/39 MP: 3/3
  1869 | D:3      | Found Rasuw's Jewellery Emporium.
  1957 | D:3      | Identified the +12 long sword of Hismutz {speed, Int+3}
  2032 | D:3      | Found a faded altar of an unknown god.
  2346 | D:3      | Found a runed translucent door.
  2347 | D:3      | Noticed Crazy Yiuf
  2511 | D:3      | Killed Crazy Yiuf
  2512 | D:3      | Reached skill level 6 in Long Blades
  2630 | D:4      | Found a staircase to the Ecumenical Temple.
  2650 | Temple   | Entered the Ecumenical Temple
  2874 | Temple   | Became a worshipper of the Wu Jian Council
  2927 | D:4      | Reached XP level 5. HP: 45/45 MP: 4/4
  2932 | D:4      | Reached skill level 7 in Long Blades
  2963 | D:4      | Found an iron altar of Okawaru.
  2971 | D:4      | Noticed Edmund
  2987 | D:4      | Killed Edmund
  2988 | D:4      | Reached skill level 8 in Long Blades
  2988 | D:4      | Reached XP level 6. HP: 29/51 MP: 5/5
  3129 | D:4      | You pick up a book of Armaments and begin reading...
  3129 | D:4      | You add the spells Stone Arrow, Animate Armour and
                  | Lehudib's Crystal Spear to your library.
  3250 | D:4      | Reached skill level 9 in Long Blades
  3362 | D:4      | Reached * piety under Wu Jian
  3374 | D:4      | Reached XP level 7. HP: 57/57 MP: 6/6
  3535 | D:4      | Reached skill level 10 in Long Blades
  3538 | D:4      | Reached skill level 1 in Stealth
  3554 | D:4      | Reached skill level 2 in Stealth
  3568 | D:4      | Found the +11 Singing Sword {sonic wave}
  3600 | D:4      | Reached skill level 3 in Stealth
  3742 | D:4      | Noticed Grinder
  3744 | D:4      | Killed Grinder
  3745 | D:4      | Reached skill level 4 in Stealth
  3745 | D:4      | Reached XP level 8. HP: 64/64 MP: 7/7
  3838 | D:5      | Entered Level 5 of the Dungeon
  3877 | D:5      | Found a broken altar of Ashenzari.
  3940 | D:5      | Reached skill level 5 in Stealth
  3967 | D:5      | Reached ** piety under Wu Jian
  4044 | D:5      | Reached skill level 1 in Dodging
  4048 | D:5      | Reached skill level 4 in Fighting
  4340 | D:5      | Reached skill level 2 in Dodging
  4344 | D:5      | Identified the +0 chain mail of the Enchanting Gods {+Inv}
  4482 | D:6      | Reached skill level 5 in Fighting
  4489 | D:6      | Reached skill level 3 in Dodging
  4938 | D:6      | Reached XP level 9. HP: 72/74 MP: 8/8
  5020 | D:6      | Reached skill level 4 in Dodging
  5053 | D:6      | Reached skill level 6 in Fighting
  5053 | D:6      | Reached skill level 11 in Long Blades
  5812 | D:7      | Reached skill level 5 in Dodging
  5833 | D:7      | Noticed Pikel
  5869 | D:7      | Reached *** piety under Wu Jian
  5876 | D:7      | Killed Pikel
  5877 | D:7      | Reached skill level 7 in Fighting
  6099 | D:7      | Found Ehothri's General Store.
  6121 | D:7      | Reached skill level 6 in Dodging
  6351 | D:8      | Reached skill level 12 in Long Blades
  6387 | D:8      | You pick up a book of Necromancy and begin reading...
  6387 | D:8      | You add the spells Necrotise, Vampiric Draining and Agony
                  | to your library.
  6401 | D:8      | Found Taigas's General Store.
  6446 | D:8      | Reached skill level 8 in Fighting
  6450 | D:8      | Reached XP level 10. HP: 81/88 MP: 9/9
  6453 | D:8      | Bought a potion of degeneration for 14 gold pieces
  6453 | D:8      | Bought a scroll of identify for 28 gold pieces
  6472 | D:8      | Noticed Gastronok
  6494 | D:8      | Noticed Psyche
  6500 | D:8      | Killed Psyche
  6581 | D:8      | Killed Gastronok
  6582 | D:8      | Reached skill level 9 in Fighting
  6582 | D:8      | Reached skill level 7 in Dodging
  6613 | D:8      | Found a flagged portal.
  6620 | D:8      | Identified the +7 hand axe of Gikhlopn {heavy, +Blink
                  | Str+3}
  6624 | Bailey   | Entered a bailey
  6744 | Bailey   | Noticed an orc knight
  6754 | Bailey   | Reached skill level 13 in Long Blades
  6766 | Bailey   | Killed an orc knight
  6767 | Bailey   | Reached skill level 8 in Dodging
  6971 | Bailey   | Reached skill level 10 in Fighting
  7033 | Bailey   | Found a burning altar of Makhleb.
  7039 | Bailey   | Identified the +1 leather armour "Weal" {rN+ Int+4 Stlth-}
  7158 | D:8      | You pick up a book of Winter and begin reading...
  7158 | D:8      | You add the spells Ozocubu's Armour, Metabolic Englaciation
                  | and Simulacrum to your library.
  7505 | D:9      | Reached **** piety under Wu Jian
  7510 | D:9      | Reached skill level 9 in Dodging
  7510 | D:9      | Reached XP level 11. HP: 78/99 MP: 10/10
  7592 | D:9      | Found a staircase to the Orcish Mines.
  7664 | D:9      | Found Oliam's Jewellery Shop.
  7809 | D:9      | Noticed a two-headed ogre
  7819 | D:9      | Killed a two-headed ogre
  7820 | D:9      | Reached skill level 14 in Long Blades
  7919 | D:9      | Reached skill level 10 in Dodging
  8195 | D:10     | Entered Level 10 of the Dungeon
  8195 | D:10     | Noticed Josephine
  8216 | D:10     | Reached skill level 4 in Armour
  8216 | D:10     | Reached skill level 4 in Shields
  8216 | D:10     | Killed Josephine
  8439 | D:10     | Noticed Grum
  8442 | D:10     | Killed Grum
  9188 | D:9      | Bought the ring of the Shining Light {AC+4 Str+3 Int-2
                  | Dex+4} for 535 gold pieces
  9264 | D:11     | Found a staircase to the Lair.
  9266 | D:11     | Noticed a death yak
  9266 | D:11     | Noticed a death yak
  9266 | D:11     | Noticed a death yak
  9276 | D:11     | Reached skill level 5 in Armour
  9276 | D:11     | Reached skill level 5 in Shields
  9283 | D:11     | Killed a death yak
  9290 | D:11     | Killed a death yak
  9299 | D:11     | Killed a death yak
  9300 | D:11     | Reached skill level 11 in Fighting
  9357 | D:11     | Reached skill level 6 in Armour
  9357 | D:11     | Reached skill level 6 in Shields
  9490 | D:11     | Reached skill level 11 in Dodging
  9798 | D:11     | Found a runed translucent door.
  9852 | D:11     | Noticed a boulder beetle
  9871 | D:11     | Killed a boulder beetle
  9872 | D:11     | Reached XP level 12. HP: 78/110 MP: 11/11
 10182 | D:11     | Noticed a balrug
 10182 | D:11     | Found the +8 mithril axe "Arga" {speed, Will+}
 10427 | D:12     | Noticed a two-headed ogre
 10432 | D:12     | Killed a two-headed ogre
 10433 | D:12     | Reached skill level 7 in Armour
 10433 | D:12     | Reached skill level 7 in Shields
 10482 | D:12     | Identified the +0 leather armour of the Eagle {Contam rF++}
 10566 | D:12     | Noticed Kirke
 10567 | D:12     | Noticed a sphinx
 10581 | D:12     | Killed Kirke
 11112 | Lair:1   | Entered Level 1 of the Lair of Beasts
 11175 | Lair:1   | Reached skill level 12 in Fighting
 11269 | Lair:1   | Reached skill level 1 in Throwing
 11309 | Lair:1   | Reached ***** piety under Wu Jian
 11469 | Lair:1   | Reached skill level 8 in Shields
 11492 | Lair:1   | Reached skill level 8 in Armour
 11788 | Lair:1   | You pick up a book of Lightning and begin reading...
 11788 | Lair:1   | You add the spells Static Discharge, Vhi's Electric Charge,
                  | Lightning Bolt and Arcjolt to your library.
 12068 | Lair:2   | Noticed a boulder beetle
 12081 | Lair:2   | Reached skill level 2 in Throwing
 12116 | Lair:2   | Killed a boulder beetle
 12117 | Lair:2   | Reached skill level 12 in Dodging
 12148 | Lair:2   | You add the spells Olgreb's Toxic Radiance, Ozocubu's
                  | Refrigeration and Ignition to your library.
 12326 | Lair:2   | Found a staircase to the Shoals.
 12329 | Lair:2   | Reached skill level 3 in Throwing
 13257 | Lair:3   | Reached XP level 13. HP: 93/119 MP: 12/12
 13431 | Lair:3   | Reached skill level 9 in Armour
 13431 | Lair:3   | Reached skill level 9 in Shields
 13448 | Lair:3   | Noticed Amaemon
 13476 | Lair:3   | Killed Amaemon
 13670 | Lair:3   | Found a hole to the Spider Nest.
 13753 | Lair:3   | Reached skill level 4 in Throwing
 14374 | Lair:4   | Reached skill level 13 in Fighting
 14571 | Lair:4   | You pick up a book of Unlife and begin reading...
 14571 | Lair:4   | You add the spells Animate Dead, Borgnjor's Vile Clutch and
                  | Death Channel to your library.
 14764 | Lair:4   | You pick up a book of Chaos and begin reading...
 14764 | Lair:4   | You add the spells Conjure Ball Lightning, Disjunction and
                  | Discord to your library.
 14904 | Lair:4   | You pick up a book of the Spheres and begin reading...
 14904 | Lair:4   | You add the spells Iskenderun's Battlesphere, Fireball and
                  | Orb of Destruction to your library.
 15039 | Lair:4   | You pick up a book of Scorching and begin reading...
 15039 | Lair:4   | You add the spells Scorch, Flame Wave and Summon Cactus
                  | Giant to your library.
 15404 | Lair:5   | Entered Level 5 of the Lair of Beasts
 15465 | Lair:5   | Reached skill level 5 in Throwing
 15525 | Lair:5   | Reached skill level 10 in Shields
 15546 | Lair:5   | Reached skill level 10 in Armour
 15717 | Lair:5   | Reached skill level 13 in Dodging
 15774 | Lair:5   | Found a staircase to the Slime Pits.
 15911 | Lair:5   | You pick up a book of Maledictions and begin reading...
 15911 | Lair:5   | You add the spells Anguish and Enfeeble to your library.
 16177 | Lair:5   | Reached skill level 6 in Throwing
 16257 | Lair:5   | Reached ****** piety under Wu Jian
 16277 | Lair:5   | Reached skill level 14 in Fighting
 16340 | Lair:5   | Reached XP level 14. HP: 132/132 MP: 13/13
 16638 | Lair:5   | You add the spells Sting, Beastly Appendage and Summon
                  | Lightning Spire to your library.
 16638 | Lair:5   | Got the Vellum of Called Vicissitude
 16759 | Spider:1 | Entered Level 1 of the Spider Nest
 16779 | Spider:1 | Reached skill level 7 in Throwing
 16810 | Spider:1 | Reached skill level 14 in Dodging
 17104 | Lair:3   | HP: 32/133 [poisoned by a redback]
 17109 | Lair:3   | HP: 28/133 [poisoned by a redback]
 17454 | Spider:1 | Identified the +1 pair of boots "Vynlol" {Will+}
 17710 | Spider:1 | Reached skill level 15 in Fighting
 17718 | Spider:1 | You add the spells Malign Gateway and Summon Horrible
                  | Things to your library.
 17870 | Spider:2 | Reached skill level 8 in Throwing
 18338 | D:3      | Bought the ring "Lebimid" {rElec rPois Int+6 Dex+4} for 626
                  | gold pieces
 18659 | Spider:2 | Noticed an emperor scorpion
 18679 | Spider:2 | Killed an emperor scorpion
 19065 | Spider:2 | Reached skill level 9 in Throwing
 19071 | Spider:2 | Reached skill level 15 in Dodging
 19326 | Spider:2 | Reached skill level 10 in Throwing
 19470 | Spider:2 | Reached skill level 1 in Air Magic
 19635 | Spider:2 | Noticed an emperor scorpion
 19655 | Spider:2 | Killed an emperor scorpion
 20270 | Spider:3 | Reached skill level 2 in Air Magic
 20457 | Spider:3 | Reached skill level 3 in Air Magic
 20472 | Spider:3 | Reached XP level 15. HP: 105/141 MP: 14/14
 20615 | Spider:3 | Reached skill level 4 in Air Magic
 21082 | Spider:3 | Reached skill level 5 in Air Magic
 21388 | Spider:4 | Entered Level 4 of the Spider Nest
 22379 | D:3      | Bought a ring of see invisible for 150 gold pieces
 22855 | Spider:4 | Noticed an emperor scorpion
 22904 | Spider:3 | Reached skill level 11 in Armour
 23111 | Spider:3 | Killed an emperor scorpion
 23297 | Spider:4 | Noticed an emperor scorpion
 23311 | Spider:3 | Killed an emperor scorpion
 23618 | Spider:4 | Reached skill level 1 in Translocations
 23626 | Spider:4 | Reached skill level 2 in Translocations
 23661 | Spider:3 | Reached skill level 3 in Translocations
 23773 | Spider:4 | Reached skill level 4 in Translocations
 23871 | Spider:4 | Reached skill level 5 in Translocations
 23876 | Spider:4 | Reached skill level 16 in Fighting
 24243 | Spider:4 | Got a gossamer rune of Zot
 24620 | Spider:4 | Reached skill level 16 in Dodging
 24935 | Shoals:1 | Entered Level 1 of the Shoals
 25062 | Orc:1    | Entered Level 1 of the Orcish Mines
 25062 | Orc:1    | Found Jodghola's Magic Scroll Emporium.
 25069 | Orc:1    | Bought a scroll of identify for 34 gold pieces
 25144 | Orc:2    | Entered Level 2 of the Orcish Mines
 25175 | Orc:2    | Found a staircase to the Elven Halls.
 25211 | Orc:2    | Reached XP level 16. HP: 150/151 MP: 15/15
 25265 | Orc:2    | Noticed Nessos
 25273 | Orc:2    | Killed Nessos
 25274 | Orc:2    | Noticed Sonja
 25281 | Orc:2    | Killed Sonja
 25308 | Orc:2    | Found Okiaw's Antique Weapon Shoppe.
 25371 | Orc:2    | Noticed Donald
 25379 | Orc:2    | Noticed Saint Roka
 25386 | Orc:2    | Noticed Snorg
 25396 | Orc:2    | Killed Donald
 25397 | Orc:2    | Reached skill level 6 in Translocations
 25410 | Orc:2    | HP: 34/151 [orc warlord/+0 halberd (23)]
 25420 | Orc:2    | HP: 23/151 [orc priest/divine providence[an orc warlord]
                  | (14)]
 25442 | Orc:2    | HP: 24/151 [orc knight/+0 dire flail (25)]
 25448 | Orc:2    | Killed Snorg
 25758 | Orc:2    | HP: 34/151 [Saint Roka/+3 great sword of draining (45)]
 25760 | Orc:2    | HP: 8/141 [Saint Roka/divine providence (11)]
 25766 | Orc:2    | Killed from afar by Saint Roka

Vanquished Creatures
  Gastronok (D:8)
  Kirke (D:12)
  Donald (Orc:2)
  4 emperor scorpions
  3 ghost moths
  7 broodmothers (Spider:4)
  3 spark wasps
  Snorg (Orc:2)
  8 entropy weavers
  Josephine (D:10)
  2 hydras
  2 jorogumos
  A catoblepas (Lair:5)
  3 boulder beetles
  2 radroaches
  2 two-headed ogres
  3 death yaks (D:11)
  Sonja (Orc:2)
  Amaemon (Lair:3)
  5 pharaoh ants
  5 orb spiders
  A sun moth (Spider:1)
  Pikel (D:7)
  2 steelbarb worms
  3 harpies (Lair:2)
  4 orc knights
  3 orc sorcerers
  3 ugly things (D:12)
  22 wolf spiders
  An oklob plant (Lair:5)
  A cyclops (D:11)
  A manticore (D:11)
  5 moths of wrath
  4 black mambas
  3 elephants (Lair:4)
  6 torpor snails
  A gargoyle (D:12)
  5 demonic crawlers
  An orange demon (Lair:3)
  A rime drake (Lair:2)
  Psyche (D:8)
  6 komodo dragons
  13 cane toads
  An unseen horror (D:11)
  5 polar bears (Lair:5)
  3 meliai (Spider:4)
  A troll (D:11)
  20 tarantellas
  Grinder (D:4)
  4 hornets (Lair:5)
  6 blink frogs
  9 dream sheep
  32 jumping spiders
  A shadow (D:10)
  14 spriggans (Lair:5)
  19 culicivoras
  3 wyverns
  9 wraiths
  35 yaks
  2 hogs (D:12)
  4 vampire mosquitoes (D:8)
  Edmund (D:4)
  Grum (D:10)
  2 steam dragons
  38 redbacks
  3 wargs
  14 water moccasins
  39 orc warriors
  A black bear (Lair:5)
  A sky beast (D:6)
  2 ice beasts (D:6)
  5 boggarts (Lair:5)
  4 ogres
  30 wolves
  7 centaurs
  2 lemures (D:7)
  A phantom (D:7)
  7 kobold brigands
  9 bullfrogs
  11 scorpions
  A necrophage (D:6)
  7 howler monkeys
  4 electric eels
  5 hounds
  3 gnoll boudas
  5 jellies
  21 orc priests
  Crazy Yiuf (D:3)
  5 iguanas
  18 orc wizards
  21 gnolls
  A river rat (D:11)
  6 adders
  A shadow imp (D:6)
  A white imp (D:5)
  4 ufetubi
  2 worms
  2 dart slugs
  70 orcs
  8 ball pythons
  7 endoplasms
  7 giant cockroaches
  16 goblins
  10 hobgoblins
  7 jackals (D:1)
  6 quokkas
  14 bats
  4 frilled lizards
  19 kobolds
  5 rats
  A bush (Lair:5)
774 creatures vanquished.

Vanquished Creatures (others)
  Nessos (Orc:2)
  A human (D:12)
  15 fungi
  8 plants
25 creatures vanquished.

Grand Total: 799 creatures vanquished

Table legend:
 A = Non-vault XP
 B = Vault XP
 C = Vault XP percentage of total XP
 D = Non-vault monster count
 E = Vault monster count
 F = Vault count percentage of total count
                 A         B        C        D         E       F
            +---------+---------+-------+---------+---------+-------
      Total |  104580 |   60799 |  36.8 |     514 |     258 |  33.4
            +---------+---------+-------+---------+---------+-------
        D:1 |      53 |       0 |   0.0 |      31 |       0 |   0.0
        D:2 |      38 |      18 |  32.1 |      17 |       9 |  34.6
        D:3 |      19 |      40 |  67.8 |      12 |       1 |   7.7
        D:4 |     504 |     898 |  64.1 |      39 |      18 |  31.6
        D:5 |     470 |      90 |  16.1 |      19 |       2 |   9.5
        D:6 |     918 |     460 |  33.4 |      22 |       5 |  18.5
        D:7 |     619 |     651 |  51.3 |      15 |       1 |   6.2
        D:8 |    1203 |    1911 |  61.4 |      20 |       2 |   9.1
        D:9 |    3003 |     519 |  14.7 |      14 |       7 |  33.3
       D:10 |     912 |    2247 |  71.1 |       8 |       9 |  52.9
       D:11 |    3602 |    2425 |  40.2 |      14 |       5 |  26.3
       D:12 |    3518 |    1863 |  34.6 |      16 |       3 |  15.8
     Lair:1 |    2847 |       0 |   0.0 |      12 |       0 |   0.0
     Lair:2 |    4438 |    1844 |  29.4 |      14 |       3 |  17.6
     Lair:3 |    5055 |    1331 |  20.8 |      18 |      10 |  35.7
     Lair:4 |    6747 |     648 |   8.8 |      25 |       2 |   7.4
     Lair:5 |    7495 |   10210 |  57.7 |      31 |      54 |  63.5
   Spider:1 |   11925 |       0 |   0.0 |      39 |       0 |   0.0
   Spider:2 |   17328 |       0 |   0.0 |      42 |       0 |   0.0
   Spider:3 |   15038 |    4421 |  22.7 |      39 |       7 |  15.2
   Spider:4 |   13678 |   21333 |  60.9 |      30 |      39 |  56.5
      Orc:1 |     747 |       0 |   0.0 |       2 |       0 |   0.0
      Orc:2 |    4423 |    7911 |  64.1 |      35 |      58 |  62.4
     Bailey |       0 |    1979 | 100.0 |       0 |      23 | 100.0
            +---------+---------+-------+---------+---------+-------

Illustrated notes

Table legend:
 A = Kills in this place as a percentage of kills in entire the game.
 B = Kills by you in this place as a percentage of kills by you in the entire game.
 C = Kills by friends in this place as a percentage of kills by friends in the entire game.
 D = Other kills in this place as a percentage of other kills in the entire game.
 E = Experience gained in this place as a percentage of experience gained in the entire game.
 F = Experience gained in this place divided by the number of levels of this place that you have seen.
                   A       B       C       D       E      F
               +-------+-------+-------+-------+-------+----------------------
         Total | 100.0 | 100.0 |   N/A | 100.0 | 100.0 | 6360.7
       Dungeon |  37.4 |  37.5 |   N/A |   0.0 |  15.7 | 2165.1
          Lair |  21.9 |  21.9 |   N/A |   0.0 |  24.6 | 8123.0
   Spider Nest |  25.4 |  25.4 |   N/A |   0.0 |  50.6 | 20930.8
  Orcish Mines |  12.3 |  12.2 |   N/A | 100.0 |   7.9 | 6540.5
        Bailey |   3.0 |   3.0 |   N/A |   0.0 |   1.2 | 1979.0
               +-------+-------+-------+-------+-------+----------------------

Table legend: (Time is in decaauts)
 A = Elapsed time spent in this place.
 B = Non-inter-level travel time spent in this place.
 C = Inter-level travel time spent in this place.
 D = Time resting spent in this place.
 E = Time spent auto-exploring this place.
 F = Levels seen in this place.
 G = Mean time per level.
                   A        B        C        D        E       F      G
               +--------+--------+--------+--------+--------+-----+--------+
         Total |  24796 |  22443 |   2353 |   2428 |  16517 |  26 |  953.7 |
       Dungeon |  11073 |   9750 |   1323 |    422 |   7822 |  12 |  922.8 |
        Temple |    243 |    189 |     54 |      0 |    168 |   1 |  243.0 |
          Lair |   6151 |   5536 |    615 |    519 |   4331 |   5 | 1230.2 |
        Shoals |      1 |      0 |      1 |      0 |      0 |   1 |    1.0 |
   Spider Nest |   6263 |   5915 |    348 |   1222 |   3694 |   4 | 1565.8 |
  Orcish Mines |    640 |    631 |      9 |    265 |    179 |   2 |  320.0 |
        Bailey |    422 |    422 |      0 |      0 |    323 |   1 |  422.0 |
               +--------+--------+--------+--------+--------+-----+--------+

Top non-repeatable levels by time:
Spider:3: 2301 daAuts
Spider:2: 1797 daAuts
  Lair:3: 1684 daAuts
Spider:4: 1418 daAuts
  Lair:2: 1314 daAuts
     D:6: 1251 daAuts
  Lair:5: 1151 daAuts
     D:4: 1081 daAuts
     D:3: 1072 daAuts
     D:9: 1047 daAuts
    D:11: 1044 daAuts
    D:10: 1020 daAuts
  Lair:4: 1012 daAuts
  Lair:1: 989 daAuts
     D:2: 904 daAuts
